Map: Ephemeron LE

Players

SKillous

  • Race: Protoss Protoss
  • Spawn Location: 5:00

Impact - Winner!

  • Race: Zerg Zerg
  • Spawn Location: 11:00

Event: IEM Katowice 2020

VOD

Have the link to the VOD?

Description

Time

  • Played on: Feb. 24, 2020, 1:21 p.m.
  • Length: 9:34

All games in this series

Show
View Real Time Build Order
Export as new Build Order

SKillous Protoss 

Build Orders: 1 Gate Expand, Oracle Opening 

Get SALT Encoding   

  12  0:00  Probe  
  13  0:13  Probe  
  14  0:19  Pylon  
  14  0:25  Probe (Chrono Boost)  
  15  0:37  Probe (Chrono Boost)  
  15  0:38  Gateway  
  15  0:41  Gateway  
  16  0:46  Probe (Chrono Boost)  
  16  0:49  Assimilator  
  17  0:52  Probe  
  18  1:04  Probe  
  19  1:14  Pylon  
  19  1:16  Probe  
  20  1:29  Cybernetics Core  
  20  1:37  Nexus  
  20  1:46  Pylon  
  20  1:47  Probe  
  20  1:53  Assimilator  
  21  1:59  Probe  
  22  2:07  Adept (Chrono Boost)  
  22  2:12  Probe  
  24  2:24  Probe  
  24  2:27  Stargate  
  25  2:30  Adept (Chrono Boost)  
  25  2:36  Probe  
  28  2:43  Warp Gate  
  28  2:49  Probe (Chrono Boost)  
  30  2:53  Probe (Chrono Boost)  
  30  2:56  Stalker  
  33  2:58  Probe (Chrono Boost)  
  33  3:02  Probe (Chrono Boost)  
  33  3:03  Probe (Chrono Boost)  
  34  3:12  Probe  
  36  3:15  Probe, Oracle (Chrono Boost)  
  38  3:23  Gateway  
  38  3:24  Probe  
  39  3:28  Probe  
  39  3:36  Probe  
  39  3:37  Pylon  
  39  3:40  Probe  
  41  3:42  Oracle (Chrono Boost)  
  42  3:48  Probe  
  42  3:52  Probe  
  44  3:57  Pylon  
  44  3:58  Assimilator  
  44  4:00  Probe, Assimilator  
  45  4:04  Probe  
  45  4:05  Pylon  
  45  4:07  Robotics Facility  
  46  4:16  Probe (Chrono Boost)  
  48  4:18  Probe (Chrono Boost)  
  48  4:27  Probe (Chrono Boost)  
  48  4:30  Probe (Chrono Boost), Gateway  
  48  4:31  Gateway, Sentry  
  52  4:32  Probe (Chrono Boost)  
  52  4:34  Stalker  
  55  4:39  Probe  
  55  4:42  Probe  
  57  4:51  Probe  
  58  4:54  Probe  
  58  4:57  Observer  
  60  5:00  Pylon  
  60  5:02  Adept  
  62  5:14  Nexus  
  62  5:16  Pylon  
  62  5:18  Probe, Immortal (Chrono Boost)  
  67  5:21  Probe  
  68  5:32  Pylon  
  68  5:33  Pylon  
  68  5:34  Sentry x4  
  77  5:38  Forge  
  77  5:39  Twilight Council  
  77  5:40  Probe  
  77  5:42  Probe  
  78  5:52  Probe  
  78  5:53  Warp Prism (Chrono Boost)  
  78  5:54  Probe  
  78  5:57  Adept  
  78  5:58  Adept  
  80  6:09  Protoss Ground Weapons Level 1 (Chrono Boost)  
  80  6:10  Probe  
  81  6:17  Probe  
  81  6:18  Charge  
  82  6:21  Zealot x4  
  90  6:25  Templar Archives  
  90  6:27  Probe  
  90  6:30  Probe x2  
  94  6:42  Probe x2 (Chrono Boost)  
  96  6:47  Probe (Chrono Boost)  
  96  6:49  Pylon  
  98  6:55  Probe (Chrono Boost)  
  98  6:57  Probe x2 (Chrono Boost), Assimilator  
  98  6:59  Assimilator  
  98  7:00  Probe  
  99  7:02  Zealot x2  
  99  7:03  Zealot x2  
  99  7:07  Pylon x2  
  108  7:09  Probe  
  108  7:15  Probe  
  110  7:20  Probe  
  111  7:26  Immortal  
  115  7:30  Gateway, Stalker x2  
  115  7:31  Gateway  
  115  7:32  Gateway, Zealot  
  118  7:38  Zealot  
  118  7:39  Probe  
  118  7:48  Probe  
  118  7:49  Gateway  
  118  7:54  Shield Battery x2  
  118  7:55  Shield Battery  
  118  7:58  Sentry x3  
  114  8:03  Immortal (Chrono Boost), Sentry  
  114  8:05  Shield Battery  
  108  8:15  Probe x2  
  106  8:21  Zealot x3  
  106  8:22  Gateway  
  106  8:26  Zealot  
  106  8:27  Zealot x3  
  112  8:30  Probe  
  112  8:32  Probe  
  112  8:33  Probe  
  87  8:41  Zealot x3  
  87  8:43  Probe  
  87  8:45  Zealot  
  92  8:53  High Templar, Shield Battery  
  92  8:54  High Templar, Sentry, Shield Battery  
  98  9:03  Archon  
  98  9:04  High Templar x2, Zealot  
  98  9:09  Archon  
  104  9:17  Zealot  
  97  9:21  Zealot  
  84  9:26  Zealot x2  
Show
View Real Time Build Order
Export as new Build Order

Impact Zerg - Winner!

Build Orders: Pool First 

Get SALT Encoding   

  12  0:00  Drone  
  13  0:12  Overlord  
  13  0:17  Drone  
  14  0:30  Drone  
  14  0:31  Drone  
  14  0:34  Drone  
  17  0:45  Extractor  
  17  0:46  Spawning Pool  
  16  0:50  Drone  
  16  0:55  Drone  
  17  1:15  Drone  
  18  1:23  Drone  
  19  1:26  Hatchery  
  18  1:33  Zergling x2  
  18  1:38  Queen  
  21  1:47  Metabolic Boost  
  21  1:50  Overlord  
  21  1:57  Drone  
  22  2:09  Drone  
  22  2:10  Drone  
  24  2:23  Hatchery  
  24  2:27  Drone  
  24  2:33  Queen  
  26  2:38  Zergling x2  
  26  2:40  Zergling x2  
  27  2:48  Zergling x4  
  29  2:51  Drone  
  29  2:53  Drone  
  29  2:54  Drone  
  32  3:04  Drone x2  
  34  3:17  Queen  
  36  3:25  Overlord  
  36  3:34  Queen  
  34  3:36  Spore Crawler, Overlord  
  34  3:38  Drone x2  
  34  3:39  Drone  
  34  3:40  Drone  
  38  3:41  Drone  
  38  3:44  Spore Crawler, Drone  
  38  3:46  Drone  
  40  3:49  Drone  
  40  3:50  Drone  
  40  3:55  Spore Crawler  
  41  3:57  Drone  
  41  3:58  Drone  
  41  4:01  Drone  
  41  4:02  Drone  
  45  4:05  Drone  
  45  4:07  Drone  
  45  4:08  Drone  
  48  4:14  Drone x2  
  48  4:16  Drone  
  48  4:17  Drone x2  
  52  4:22  Extractor, Overlord  
  52  4:23  Extractor  
  50  4:27  Drone  
  50  4:28  Drone  
  50  4:29  Drone x3  
  55  4:33  Drone x2  
  55  4:37  Roach Warren  
  55  4:38  Drone  
  57  4:42  Overlord  
  57  4:47  Drone  
  57  4:48  Lair  
  57  4:50  Drone x3  
  59  5:00  Overlord x2  
  59  5:02  Zergling x6  
  59  5:03  Zergling x2  
  59  5:06  Extractor  
  59  5:07  Extractor, Drone x2  
  61  5:08  Drone  
  61  5:09  Drone  
  61  5:13  Overlord  
  65  5:14  Overlord  
  65  5:22  Drone  
  65  5:23  Drone x6  
  65  5:24  Drone  
  65  5:27  Roach  
  65  5:28  Roach  
  77  5:33  Pneumatized Carapace  
  77  5:34  Overlord  
  77  5:36  Roach  
  77  5:40  Roach x2  
  77  5:42  Overlord  
  83  5:45  Drone x2  
  83  5:49  Roach x2  
  86  5:50  Drone  
  86  5:51  Drone  
  86  5:52  Roach  
  88  5:57  Drone  
  88  5:58  Hydralisk Den  
  88  5:59  Zergling x4  
  88  6:01  Roach  
  88  6:02  Overseer  
  91  6:06  Roach x2  
  91  6:08  Overseer  
  91  6:11  Roach x2  
  99  6:13  Overlord  
  99  6:14  Drone  
  100  6:19  Roach x2  
  100  6:21  Ravager x4  
  100  6:22  Overlord  
  108  6:27  Zergling x6, Roach  
  108  6:32  Zergling x2, Ravager  
  115  6:35  Roach x3  
  121  6:43  Grooved Spines, Hydralisk  
  122  6:48  Hydralisk  
  122  6:50  Extractor  
  122  6:51  Hydralisk  
  125  6:59  Hydralisk x2  
  129  7:02  Hatchery  
  129  7:04  Hydralisk  
  129  7:07  Overlord x3  
  130  7:08  Evolution Chamber  
  130  7:15  Drone  
  129  7:26  Roach x10  
  149  7:32  Zergling x6  
  151  7:38  Ravager x3  
  151  7:39  Zergling x2  
  151  7:41  Zergling x2  
  151  7:43  Overlord  
  154  7:48  Overlord  
  151  7:55  Overlord  
  151  7:56  Overlord x2  
  142  8:06  Roach x6  
  142  8:12  Roach x2  
  152  8:15  Zergling x4  
  152  8:16  Queen x2  
  150  8:25  Roach x6  
  154  8:27  Roach  
  154  8:30  Roach x2  
  136  8:36  Roach x3  
  134  8:44  Hydralisk  
  134  8:47  Zergling x4  
  134  8:48  Zergling x2  
  134  8:52  Ravager x2  
  134  8:53  Ravager x2  
  134  8:54  Ravager  
  140  8:56  Roach x2  
  140  8:59  Zergling x4  
  140  9:01  Zergling x4  
  149  9:02  Ravager  
  149  9:03  Zergling x2  
  149  9:07  Zergling x2  
  149  9:08  Zergling x4  
  149  9:09  Roach  
  155  9:12  Roach  
  155  9:14  Overlord  
  152  9:32  Ravager x2  

Tags
 
Add a new tag
Caveats
  • Supply blocks, unpowered buildings, or Contaminate may cause inaccurate times.
  • Supply counts are checked every 10 seconds.